 Dungeon Crawl Stone Soup version 0.28.0-43-g3370ac3207 (webtiles) character file.

Game seed: 6037129098959281139

362128 sking99 the Slayer (level 22, -3/224 HPs)
             Began as a Hill Orc Fighter on Mar 25, 2022.
             Was an Initiate of Gozag.
             Slain by a vampire knight
             ... wielding a +0 long sword
              (20 damage)
             ... on level 3 of the Abyss.
             The game lasted 01:57:51 (66359 turns).

sking99 the Slayer (Hill Orc Fighter)              Turns: 66359, Time: 01:57:51

Health: -3/224     AC: 39    Str: 26    XL:     22   Next: 47%
Magic:  2/22       EV: 16    Int:  8    God:    Gozag
Gold:   4485       SH: 22    Dex: 19    Spells: 21/21 levels left

rFire   + + .      SeeInvis .   d - +10 war axe "Cimuipni" {elec, Dex+5}
rCold   + + .      Faith    .   W - +2 kite shield {AC+3}
rNeg    . . .      Spirit   .   Z - +1 crystal plate armour {rC+}
rPois   +          Reflect  +   O - +1 helmet
rElec   +          Harm     .   U - +1 cloak of Starlight {*Dazzle EV+4 Stlth--}
rCorr   +          Rampage  .   L - +1 pair of gloves {infuse}
Will    ++...                   F - +1 pair of boots {Stlth+}
Stlth   ..........              H - amulet of reflection
HPRegen 0.47/turn               u - ring of willpower
MPRegen 0.18/turn               D - ring of protection from fire

@: about to teleport, resistant, studying Axes, invisible
A: no striking features
}: 2/15 runes: serpentine, barnacled
a: Renounce Religion, Potion Petition, Call Merchant, Bribe Branch


You were on level 3 of the Abyss.
You worshipped Gozag.
Gozag was most pleased with you.
You visited 7 branches of the dungeon, and saw 38 of its levels.
You visited the Abyss 2 times.
You also visited: Ice Cave.

You collected 18783 gold pieces.
You spent 3504 gold pieces at shops.
You paid 10794 gold pieces to Gozag.

Inventory:

Hand Weapons
 d - the +10 war axe "Cimuipni" (weapon) {elec, Dex+5}
   (You found it on level 15 of the Dungeon)

   It occasionally discharges a powerful burst of electricity upon striking a
   foe.
   Dex:       It affects your dexterity (+5).
 I - a +6 broad axe of flaming
Missiles
 g - 11 throwing nets (quivered)
Armour
 F - a +1 pair of boots of stealth (worn)
 L - a +1 pair of gloves of infusion (worn)
 O - a +1 helmet (worn)
 U - the +1 cloak of Starlight (worn) {*Dazzle EV+4 Stlth--}
   (You bought it in a shop on level 12 of the Dungeon)

   It may blind those who miss an attack against the wearer in melee combat.
   EV:        It affects your evasion (+4).
   Stlth:     It makes you much less stealthy.
 W - a +2 kite shield of protection (worn)
 Z - a +1 crystal plate armour of cold resistance (worn)
Jewellery
 o - a ring of flight
 p - a ring of positive energy
 q - a ring of positive energy
 r - a ring of resist corrosion
 u - a ring of willpower (left hand)
 D - a ring of protection from fire (right hand)
 H - an amulet of reflection (around neck)
 J - the ring of Esinkomi {rPois rC+ SInv}
   (You acquired it on level 10 of the Dungeon)

   [ring of see invisible]

   rC:        It protects you from cold.
   rPois:     It protects you from poison.
   SInv:      It lets you see invisible.
 K - a ring of protection from fire
 P - a ring of poison resistance
 V - the ring "Toynawn" {AC+4 Str+5}
   (You bought it in a shop on level 12 of the Dungeon)

   [ring of protection]

   AC:        It affects your AC (+4).
   Str:       It affects your strength (+5).
Wands
 e - a wand of polymorph (14)
 t - a wand of iceblast (17)
 x - a wand of charming (16)
 y - a wand of mindburst (29)
 z - a wand of digging (13)
 E - a wand of paralysis (12)
 M - a wand of flame (30)
 N - a wand of acid (18)
Scrolls
 c - 2 scrolls of holy word
 k - 5 scrolls of magic mapping
 l - 3 scrolls of summoning
 m - 17 scrolls of teleportation
 w - 5 scrolls of blinking
 A - 3 scrolls of fear
 B - 9 scrolls of fog
 S - 3 scrolls of amnesia
 X - a scroll of silence
Potions
 a - a potion of ambrosia
 f - 4 potions of magic
 h - 7 potions of cancellation
 i - 8 potions of flight
 j - a potion of invisibility
 s - 5 potions of curing
 C - 5 potions of haste
 G - 3 potions of might
 R - 4 potions of brilliance
 T - 4 potions of resistance
 Y - 7 potions of mutation
Miscellaneous
 n - a lightning rod (4/4)
 v - a condenser vane
 Q - a phantom mirror


   Skills:
 + Level 24.9 Fighting
 + Level 21.6 Axes
 + Level 16.6 Armour
 + Level 14.8 Dodging
 - Level 16.0 Shields
 + Level 15.6 Evocations


You had 21 spell levels left.
You didn't know any spells.
Your spell library contained the following spells:

 Spells                   Type           Power      Damage    Failure   Level
 Animate Skeleton         Necr           0%         N/A       100%        1
 Apportation              Tloc           0%         N/A       100%        1
 Magic Dart               Conj           0%         1d3       100%        1
 Pain                     Necr           0%         1d4       100%        1
 Summon Small Mammal      Summ           0%         N/A       100%        1
 Blink                    Tloc           0%         N/A       100%        2
 Corpse Rot               Necr/Air       0%         N/A       100%        2
 Scorch                   Fire           0%         2d5       100%        2
 Searing Ray              Conj           0%         2d4       100%        2
 Static Discharge         Conj/Air       0%         N/A       100%        2
 Sublimation of Blood     Necr           0%         N/A       100%        2
 Call Canine Familiar     Summ           0%         N/A       100%        3
 Confusing Touch          Hex            0%         N/A       100%        3
 Conjure Flame            Conj/Fire      0%         6-21      100%        3
 Frozen Ramparts          Ice            0%         1d2       100%        3
 Ignite Poison            Fire/Tmut/Pois 0%         N/A       100%        3
 Inner Flame              Hex/Fire       0%         N/A       100%        3
 Lesser Beckoning         Tloc           0%         N/A       100%        3
 Ozocubu's Armour         Ice            0%         N/A       100%        3
 Stone Arrow              Conj/Erth      0%         3d7       100%        3
 Summon Guardian Golem    Hex/Summ       0%         N/A       100%        3
 Tukima's Dance           Hex            0%         N/A       100%        3
 Anguish                  Hex/Necr       0%         N/A       100%        4
 Animate Armour           Summ/Erth      0%         N/A       100%        4
 Cause Fear               Hex            0%         N/A       100%        4
 Dispel Undead            Necr           0%         3d6       100%        4
 Flame Wave               Conj/Fire      0%         2d4       100%        4
 Fulminant Prism          Conj/Hex       0%         3d6       100%        4
 Ice Form                 Ice/Tmut       0%         N/A       100%        4
 Leda's Liquefaction      Hex/Erth       0%         N/A       100%        4
 Sticky Flame             Conj/Fire      0%         2d3       100%        4
 Summon Ice Beast         Ice/Summ       0%         N/A       100%        4
 Agony                    Necr           0%         N/A       100%        5
 Excruciating Wounds      Necr           0%         N/A       100%        5
 Iskenderun's Battlesphe  Conj           0%         2d6       100%        5
 Lightning Bolt           Conj/Air       0%         1d11      100%        5
 Manifold Assault         Tloc           0%         N/A       100%        5
 Yara's Violent Unravell  Hex/Tmut       0%         3d3       100%        5
 Death Channel            Necr           0%         N/A       100%        6
 Iron Shot                Conj/Erth      0%         9d1       100%        6
 Simulacrum               Ice/Necr       0%         N/A       100%        6
 Summon Cactus Giant      Summ           0%         N/A       100%        6
 Enfeeble                 Hex            0%         N/A       100%        7
 Ozocubu's Refrigeration  Ice            0%         4d5       100%        7
 Spellforged Servitor     Conj/Summ      0%         N/A       100%        7
 Discord                  Hex            0%         N/A       100%        8
 Lehudib's Crystal Spear  Conj/Erth      0%         10d2      100%        8
 Maxwell's Capacitive Co  Air            0%         ∞         100%        8
 Chain Lightning          Conj/Air       0%         N/A       100%        9


Dungeon Overview and Level Annotations

Branches:
Dungeon (15/15)            Temple (0/1) D:5            Lair (6/6) D:10
 Shoals (4/4) Lair:3        Snake (4/4) Lair:4        Slime (0/5) Lair:5
    Orc (2/2) D:12            Elf (3/3) Orc:2        Vaults (4/5) D:14
  Crypt (0/3) Vaults:2     Depths (0/4) D:15          IceCv (visited)

Altars:
Ashenzari
Dithmenos
Elyvilon
Fedhas
Gozag
Hepliaklqana
Kikubaaqudgha
Makhleb
Okawaru
Qazlal
Sif Muna
Uskayaw
Xom
Yredelemnul
Zin
Beogh
Jiyva

Shops:
D:3 [   D:6 *   D:10 *   D:12 [=   D:14 (   Orc:1 *   Orc:2 !(**   Elf:1 [(:!
Shoals:1 :   Vaults:2 ([[!   Vaults:3 [   Vaults:4 [

Annotations:
Lair:5 3 runed translucent doors, Caath's ghost, journeyman DrFi
Shoals:2 3 runed translucent doors, exclusion: obsidian statue, NiggerDarts's ghost, adept HuFi
Shoals:3 1 runed translucent door
Orc:2 3 runed translucent doors, Arcadio's ghost, journeyman MiFi


Message History

The vampire knight hits you with a +0 long sword!
* * * LOW HITPOINT WARNING * * *
You block the vampire knight's attack.
The vampire knight hits you with a +0 great mace!
* * * LOW HITPOINT WARNING * * *
You block the vampire knight's attack.
You feel better.
The vampire knight casts a spell at you.
You resist with almost no effort.
The vampire knight hits you but does no damage.
The vampire knight bites you but does no damage.
The vampire knight hits you with a +0 long sword!
* * * LOW HITPOINT WARNING * * *
You block the vampire knight's attack. x2
The vampire knight barely misses you.
Okay, then.
You feel better.
You block the vampire knight's attack. x2
The vampire knight casts a spell.
The vampire knight seems to speed up.
You block the vampire knight's attack.
The vampire knight bites you but does no damage.
You feel better.
You block the vampire knight's attack. x2
The vampire knight gestures wildly while chanting.
The vampire knight flickers and vanishes!
Deactivating autopickup; reactivate with Ctrl-A.
You block the vampire knight's attack.
The vampire knight bites you but does no damage.
The vampire knight hits you but does no damage.
The vampire knight bites you but does no damage.
You barely miss the vampire knight.
The vampire knight is moderately damaged.
You closely miss something. You closely miss the vampire knight.
You hear some strange, mumbled words.
Something tries to affect you, but you resist.
You block the vampire knight's attack. x2
The vampire knight hits you with a +0 great mace.
* * * LOW HITPOINT WARNING * * *
The vampire knight bites you but does no damage.
Something hits you!!
You die...
Your body crumbles into a pile of gold.

# .##.
###+
...bZ#.V#
##ZZ#VV#
#{@# ####


bbb bbb.# ..#.## ###### You could see 2 vampire knights, 2 spectral bats, a
vampire, 5 fire bats, a bat simulacrum and 2 bats.

Vanquished Creatures
  Bai Suzhen (Shoals:4)
  Mlioglotl (Shoals:4)
  Polyphemus (Shoals:3)
  2 deep elf blademasters (Elf:3)
  A deep elf master archer (Elf:3)
  A lich (Vaults:4)
  2 quicksilver dragons (Snake:4)
  5 krakens
  The ghost of vinnietd the Tortoise, an adept HaFi of Trog (Snake:1)
  5 sphinxes
  Donald (Shoals:4)
  2 fire giants
  A tengu reaver (Vaults:1)
  9 vault wardens
  4 deep elf sorcerers
  2 deep elf elementalists (Elf:3)
  5 orc warlords
  12 ironbound preservers
  6 very ugly things
  A deep elf demonologist (Elf:1)
  A reaper (Vaults:2)
  2 ironbound thunderhulks
  2 deep elf annihilators (Elf:3)
  A stone giant (Vaults:2)
  Azrael (Snake:2)
  5 dire elephants
  An eidolon (Vaults:2)
  6 deep elf death magi
  A minotaur (Shoals:4)
  2 blizzard demons (IceCv)
  3 merfolk javelineers (Shoals:3)
  An ettin (D:15)
  4 crystal guardians
  8 merfolk impalers
  13 yaktaur captains
  A deep elf high priest (Vaults:1)
  3 boulder beetles
  10 hydras
  4 great orbs of eyes
  7 naga warriors
  7 vault guards
  2 peacekeepers
  2 salamander tyrants
  Erolcha (D:9)
  A death knight (D:15)
  A caustic shrike simulacrum (IceCv)
  6 centaur warriors
  5 ironbound frosthearts
  6 anacondas
  An ogre mage (D:14)
  2 catoblepae
  13 satyrs (Shoals:4)
  3 merfolk avatars
  5 two-headed ogres
  A thrashing horror (Vaults:4)
  10 death yaks
  5 tengu warriors
  A deep troll earth mage (Vaults:4)
  5 merfolk aquamancers
  14 orc high priests
  3 hell hogs (Abyss:3)
  6 naga sharpshooters
  Urug (D:13)
  10 shock serpents
  15 deep elf knights
  A skeletal warrior (Vaults:2)
  2 salamander mystics
  A death drake (shapeshifter) (Elf:1)
  A fire crab (shapeshifter) (D:14)
  4 naga ritualists
  12 sea snakes
  36 deep trolls
  A glowing orange brain (Vaults:2)
  8 spriggan simulacra (IceCv)
  15 ironbound convokers
  A bog body (IceCv)
  12 deep elf archers
  5 necromancers
  2 phantasmal warriors
  13 wizards
  12 harpies
  30 deep elf zephyrmancers
  An obsidian statue (IceCv)
  13 lindwurms
  12 orc knights
  18 deep elf pyromancers
  A wolf spider (shapeshifter) (Elf:3)
  10 orc sorcerers
  13 slime creatures
  8 mana vipers
  3 oklob plants
  31 manticores
  16 fauns
  8 cyclopes
  8 merfolk sirens
  7 salamanders
  51 ugly things
  18 elephants
  5 guardian serpents
  Joseph (D:10)
  4 water nymphs
  4 gargoyles
  25 black mambas
  19 vault sentinels
  14 naga magi
  6 torpor snails
  A rime drake (Lair:4)
  11 cane toads
  2 efreet
  3 ice devils (IceCv)
  2 unseen horrors
  4 freezing wraiths
  A tengu conjurer (D:14)
  2 anaconda simulacra (IceCv)
  A komodo dragon (shapeshifter) (Elf:2)
  5 entropy weaver simulacra (IceCv)
  31 yaktaurs
  8 komodo dragons
  2 golden dragon simulacra (IceCv)
  A queen bee (shapeshifter) (Elf:2)
  6 trolls
  8 polar bears
  A wind drake (Shoals:4)
  46 merfolk
  A wolf spider simulacrum (D:15)
  2 hornets (Lair:6)
  8 blink frogs
  2 blink frogs (shapeshifter)
  A dream sheep (shapeshifter) (Vaults:1)
  9 snapping turtles
  17 dream sheep
  A flying skull (Abyss:3)
  3 air elementals
  Sigmund (D:2)
  A spriggan (Lair:3)
  3 shadows (D:12)
  6 wyverns
  11 water elementals
  4 vampires
  2 dire elephant simulacra (IceCv)
  5 fire elementals
  A human (D:14)
  48 yaks
  4 basilisks
  2 steam dragons
  5 wraiths
  6 vampire mosquitoes
  3 wargs
  A harpy simulacrum (IceCv)
  A large abomination (Elf:1)
  A swamp worm (Lair:5)
  8 minotaur simulacra (IceCv)
  27 nagas
  Edmund (D:5)
  18 water moccasins
  2 acid dragons (D:9)
  2 hell hounds (Snake:2)
  A floating eye (Lair:4)
  3 black bears
  2 ettin simulacra (IceCv)
  18 orc warriors
  An alligator simulacrum (IceCv)
  2 necrophages
  4 boggarts (Vaults:2)
  2 sky beasts (D:6)
  6 ogres
  23 wolves
  9 centaurs
  2 kobold brigands (D:7)
  An elf zombie (Elf:1)
  A wyvern zombie (D:8)
  15 bullfrogs
  An earth elemental (Elf:3)
  6 scorpions
  A water moccasin zombie (D:3)
  8 deep troll simulacra (IceCv)
  3 water moccasin skeletons
  3 wights
  2 troll zombies (D:12)
  5 lindwurm simulacra (IceCv)
  5 howler monkeys
  An electric eel (D:14)
  2 centaur zombies
  A bullfrog zombie (D:5)
  2 jellies
  3 hounds
  A gnoll shaman (D:8)
  32 orc priests
  3 centaur skeletons
  19 orc wizards
  An iguana (D:5)
  4 ogre zombies (D:12)
  A hound zombie (D:5)
  A hound skeleton (D:5)
  A howler monkey zombie (D:9)
  Robin (D:2)
  A howler monkey skeleton (D:4)
  9 gnolls
  4 adders
  3 white imps
  An ufetubus (D:2)
  2 adder skeletons (D:4)
  A worm (D:3)
  3 dart slugs
  80 orcs
  5 endoplasms
  3 giant cockroaches
  12 goblins
  7 hobgoblins
  5 jackals
  5 ball pythons
  4 bats
  4 frilled lizards
  A goblin zombie (D:12)
  2 hobgoblin skeletons (D:12)
  4 hobgoblin zombies (D:12)
  18 kobolds
  An orc skeleton (D:12)
  10 orc zombies (D:12)
  5 rats
  A bush (Lair:4)
  10 tentacles
1457 creatures vanquished.

Vanquished Creatures (collateral kills)
  The ghost of Smee the Bludgeoner, an adept MiFi of Okawaru (Snake:4)
  2 salamander tyrants (Snake:4)
  An anaconda (Snake:4)
  2 naga warriors (Snake:4)
  3 naga sharpshooters (Snake:4)
  A shock serpent (Snake:4)
  A naga mage (Snake:4)
  2 guardian serpents (Snake:4)
  A black mamba (Snake:4)
  A naga (Snake:4)
15 creatures vanquished.

Vanquished Creatures (others)
  A nagaraja (Snake:4)
  3 naga warriors (Snake:4)
  2 salamander tyrants (Snake:4)
  31 dancing weapons
  A shock serpent (Snake:4)
  2 naga sharpshooters (Snake:4)
  A salamander mystic (Snake:4)
  A deep elf zephyrmancer (Elf:2)
  A mana viper (Snake:4)
  A harpy (Shoals:4)
  A deep elf pyromancer (D:15)
  3 salamanders (Snake:4)
  A black mamba (Snake:4)
  6 naga magi (Snake:4)
  A guardian serpent (Snake:4)
  A flying skull (Abyss:3)
  15 nagas (Snake:4)
  An orc (Elf:2)
  31 fungi
  104 plants
  34 tentacles
242 creatures vanquished.

Grand Total: 1714 creatures vanquished

Notes
Turn   | Place    | Note
-------+----------+-------------------------------------------
     0 | D:1      | sking99 the Hill Orc Fighter began the quest for the Orb.
     0 | D:1      | Reached XP level 1. HP: 19/19 MP: 1/1
   153 | D:1      | Reached XP level 2. HP: 27/27 MP: 2/2
   197 | D:1      | Found a faded altar of an unknown god.
   420 | D:1      | Prayed at the altar of an unknown god.
   420 | D:1      | Became a worshipper of Gozag Ym Sagoz the Greedy
   891 | D:2      | Reached XP level 3. HP: 33/33 MP: 3/3
  1002 | D:2      | Found a white marble altar of Elyvilon.
  1099 | D:2      | Noticed Robin
  1114 | D:2      | Killed Robin
  1348 | D:2      | Reached XP level 4. HP: 34/40 MP: 4/4
  1541 | D:2      | Identified the +10 dagger "Dragonslayer" {elec, Stlth+}
  1598 | D:2      | Reached skill level 5 in Axes
  1947 | D:2      | Noticed Sigmund
  1969 | D:2      | Killed Sigmund
  1970 | D:2      | Reached XP level 5. HP: 46/46 MP: 5/5
  1970 | D:2      | Reached XP level 6. HP: 52/52 MP: 6/6
  2181 | D:3      | Found Faon's Armour Shoppe.
  2197 | D:3      | Reached skill level 5 in Shields
  2408 | D:3      | Bought a +0 pair of gloves for 54 gold pieces
  2528 | D:3      | Found a basalt altar of Yredelemnul.
  3012 | D:3      | Found a shimmering blue altar of Sif Muna.
  3013 | D:3      | Found an iron altar of Okawaru.
  3181 | D:4      | Reached XP level 7. HP: 45/58 MP: 7/7
  3880 | D:5      | Entered Level 5 of the Dungeon
  4185 | D:5      | Reached skill level 10 in Axes
  4443 | D:5      | Reached XP level 8. HP: 66/66 MP: 8/8
  4698 | D:5      | Found a staircase to the Ecumenical Temple.
  5180 | D:6      | Noticed Edmund
  5182 | D:6      | Found Uwuafroq's Assorted Antiques.
  5213 | D:5      | Killed Edmund
  5898 | D:6      | Reached XP level 9. HP: 49/71 MP: 9/9
  6742 | D:5      | Identified the +7 mace of Uncomfortable Rashes {elec, rC+
                  | Will+}
  7241 | D:7      | Reached skill level 15 in Axes
  8454 | D:8      | Reached skill level 4 in Fighting
  8454 | D:8      | Reached skill level 1 in Evocations
  8674 | D:8      | Reached skill level 5 in Fighting
  8674 | D:8      | Reached XP level 10. HP: 53/81 MP: 10/10
  8685 | D:8      | Reached skill level 5 in Armour
  9030 | D:8      | Found a shadowy altar of Dithmenos.
  9123 | D:8      | Reached skill level 6 in Fighting
  9758 | D:9      | Reached skill level 7 in Fighting
 10233 | D:9      | Reached skill level 5 in Evocations
 10506 | D:9      | Noticed Erolcha
 10524 | D:9      | Killed Erolcha
 10702 | D:9      | Reached XP level 11. HP: 83/94 MP: 11/11
 10776 | D:9      | Reached skill level 8 in Fighting
 11056 | D:10     | Entered Level 10 of the Dungeon
 11078 | D:10     | Found a broken altar of Ashenzari.
 11079 | D:10     | Found a hazy altar of Hepliaklqana.
 11079 | D:10     | Found a stormy altar of Qazlal.
 11080 | D:10     | Found a shimmering altar of Xom.
 11086 | D:10     | Found a white marble altar of Elyvilon.
 11086 | D:10     | Found a burning altar of Makhleb.
 11086 | D:10     | Found a hide-covered altar of Uskayaw.
 11086 | D:10     | Found an ancient bone altar of Kikubaaqudgha.
 11110 | D:10     | Found Gymoegas's Assorted Antiques.
 11131 | D:10     | Bought 2 scrolls labelled IWEIW NUMMO for 42 gold pieces
 11131 | D:10     | Bought a scroll labelled IWEIW NUMMO for 21 gold pieces
 11132 | D:10     | Acquired the ring of Esinkomi {rPois rC+ SInv}
 11151 | D:10     | Noticed Joseph
 11772 | D:10     | Found a blossoming altar of Fedhas.
 11815 | D:10     | Found a staircase to the Lair.
 12146 | D:10     | Acquired 1001 gold pieces
 12148 | D:10     | Acquired a +1 broad axe of freezing
 12246 | D:10     | Killed Joseph
 12602 | D:11     | Noticed a seven-headed hydra
 12608 | D:11     | Killed a seven-headed hydra
 12745 | D:11     | Noticed a manticore
 12752 | D:11     | Killed a manticore
 12805 | D:11     | Noticed a manticore
 12820 | D:11     | Killed a manticore
 12925 | D:11     | Noticed a cyclops
 12933 | D:11     | Killed a cyclops
 13055 | Lair:1   | Entered Level 1 of the Lair of Beasts
 13066 | Lair:1   | Found a glowing silver altar of Zin.
 13321 | Lair:1   | Reached skill level 9 in Fighting
 13328 | Lair:1   | Reached XP level 12. HP: 76/104 MP: 12/12
 14144 | Lair:2   | Reached skill level 10 in Fighting
 14261 | Lair:2   | Noticed a seven-headed hydra
 14271 | Lair:2   | Killed a seven-headed hydra
 14350 | Lair:2   | Noticed a four-headed hydra
 14366 | Lair:2   | Killed a nine-headed hydra
 14828 | Lair:2   | Noticed a boulder beetle
 14840 | Lair:2   | Killed a boulder beetle
 15156 | Lair:2   | Reached skill level 10 in Armour
 15361 | Lair:3   | Reached skill level 11 in Fighting
 15433 | Lair:3   | Noticed a seven-headed hydra
 15628 | Lair:2   | an eight-headed hydra changed into a torpor snail
 15731 | Lair:3   | Reached XP level 13. HP: 105/117 MP: 0/13
 15762 | Lair:3   | Reached skill level 12 in Fighting
 16122 | Lair:3   | Found a staircase to the Shoals.
 16917 | Lair:3   | Reached skill level 10 in Shields
 17004 | Lair:3   | Reached skill level 13 in Fighting
 17432 | Lair:4   | Reached skill level 14 in Fighting
 17620 | Lair:4   | Paralysed by a floating eye for 2 turns
 18130 | Lair:4   | Reached skill level 1 in Dodging
 18483 | Lair:4   | Found a staircase to the Snake Pit.
 18895 | Lair:5   | Reached skill level 15 in Fighting
 19499 | Lair:5   | Reached XP level 14. HP: 135/135 MP: 0/14
 19979 | Lair:5   | Found a staircase to the Slime Pits.
 20087 | Lair:5   | Found a runed translucent gate.
 20087 | Lair:5   | Found a runed translucent gate.
 20087 | Lair:5   | Found a runed translucent gate.
 20087 | Lair:5   | Found a viscous altar of Jiyva.
 20087 | Lair:5   | Noticed an acid blob
 20087 | Lair:5   | Noticed an azure jelly
 20087 | Lair:5   | Noticed an azure jelly
 20087 | Lair:5   | Noticed an acid blob
 20087 | Lair:5   | Noticed a quicksilver ooze
 20087 | Lair:5   | Noticed an azure jelly
 20087 | Lair:5   | Noticed an azure jelly
 20087 | Lair:5   | Noticed an azure jelly
 20087 | Lair:5   | Noticed an acid blob
 20087 | Lair:5   | Noticed an acid blob
 20087 | Lair:5   | Noticed Caath's ghost (journeyman DrFi)
 20087 | Lair:5   | Noticed an azure jelly
 20087 | Lair:5   | Noticed a rockslime
 20087 | Lair:5   | Noticed an azure jelly
 20563 | Lair:6   | Entered Level 6 of the Lair of Beasts
 21375 | Lair:6   | Reached skill level 16 in Fighting
 21988 | Lair:6   | Reached skill level 5 in Dodging
 22341 | Lair:6   | Identified the +6 trident of Ereshral {vorpal, rCorr
                  | Stlth+}
 23489 | D:11     | You fall into a shaft and drop 1 floor!
 23910 | D:12     | Reached skill level 10 in Evocations
 24248 | D:12     | Reached XP level 15. HP: 86/146 MP: 0/15
 24542 | D:12     | Found a staircase to the Orcish Mines.
 25068 | Orc:1    | Entered Level 1 of the Orcish Mines
 25079 | Orc:1    | You fall into a shaft and drop 1 floor!
 25079 | Orc:2    | Entered Level 2 of the Orcish Mines
 25153 | Orc:2    | Reached skill level 17 in Fighting
 25279 | Orc:1    | Found Jeshrona's Assorted Antiques.
 25355 | Orc:1    | Noticed an orc warlord
 25357 | Orc:1    | Found the +10 zealot's sword {holy, *Rage rN+ EV+3}
 25362 | Orc:1    | Killed an orc warlord
 26096 | Orc:2    | Found a runed translucent gate.
 26096 | Orc:2    | Noticed Arcadio's ghost (journeyman MiFi)
 26097 | Orc:2    | Found a runed translucent gate.
 26097 | Orc:2    | Identified the +13 plate armour of the Sacrificial Victim
                  | {rElec Will+ MP+9 SInv}
 26098 | Orc:2    | Found a runed translucent gate.
 26652 | Orc:2    | Found a staircase to the Elven Halls.
 27153 | Orc:2    | Found Juadiust's Weapon Shoppe.
 27183 | Orc:2    | HP: 2/147 [orc high priest/divine providence (10)]
 27429 | Orc:2    | Found Iniesser's Distillery.
 27565 | Orc:2    | Bought a potion of ambrosia for 112 gold pieces
 27618 | Orc:2    | Found Koshruiz's General Store.
 27761 | Orc:2    | Bought 2 potions of resistance for 260 gold pieces
 27766 | Orc:2    | Found Nucekkar's General Store.
 28062 | Orc:2    | Found a roughly hewn altar of Beogh.
 28301 | Orc:2    | Found a roughly hewn altar of Beogh.
 28508 | D:12     | Bought the +1 cloak of Starlight {*Dazzle EV+4 Stlth--} for
                  | 945 gold pieces
 28508 | D:12     | Found the +1 cloak of Starlight {*Dazzle EV+4 Stlth--}
 28510 | D:12     | Bought the ring "Toynawn" {AC+4 Str+5} for 802 gold pieces
 28930 | D:13     | Noticed Urug
 28939 | D:13     | Killed Urug
 28956 | D:13     | Reached skill level 18 in Fighting
 29719 | D:14     | Found a frozen archway.
 29797 | D:14     | Reached XP level 16. HP: 88/157 MP: 0/16
 29842 | IceCv    | Entered an ice cave
 31759 | IceCv    | Got the Grimoire of the Birds and Bewitchment
 32162 | D:14     | Reached skill level 19 in Fighting
 32668 | D:14     | Found Porramac's Antique Weapon Shop.
 32744 | D:14     | Identified the +5 scimitar of Uskayaw's Supremacy {freeze,
                  | Str+6 Int+6 Dex+4}
 32877 | D:14     | Found a gate to the Vaults.
 33048 | D:15     | Entered Level 15 of the Dungeon
 33527 | D:15     | Identified the +10 war axe "Cimuipni" {elec, Dex+5}
 34317 | D:15     | Found a staircase to the Depths.
 34322 | D:15     | Reached skill level 10 in Dodging
 34377 | D:15     | Reached XP level 17. HP: 146/169 MP: 0/17
 34591 | D:15     | Found a stormy altar of Qazlal.
 34836 | Snake:1  | Entered Level 1 of the Snake Pit
 35347 | Snake:1  | Found an ancient bone altar of Kikubaaqudgha.
 35553 | Snake:1  | Found a runed translucent door.
 35623 | Snake:1  | Noticed vinnietd's ghost (adept HaFi)
 36126 | Snake:1  | Reached skill level 20 in Fighting
 36488 | Snake:1  | Killed vinnietd's ghost
 37079 | Snake:2  | Noticed Azrael
 37091 | Snake:2  | Killed Azrael
 40629 | Snake:3  | Reached skill level 21 in Fighting
 41050 | Snake:4  | Entered Level 4 of the Snake Pit
 41489 | Snake:4  | Found a runed translucent gate.
 41490 | Snake:4  | Found a runed translucent gate.
 41491 | Snake:4  | Found a runed translucent gate.
 41641 | Snake:4  | Noticed Smee's ghost (adept MiFi)
 41780 | Snake:4  | Reached skill level 15 in Shields
 42122 | Snake:4  | Reached XP level 18. HP: 169/182 MP: 3/18
 42413 | Snake:4  | Noticed a quicksilver dragon
 42413 | Snake:4  | Noticed a quicksilver dragon
 42420 | Snake:4  | Killed a quicksilver dragon
 42424 | Snake:4  | Killed a quicksilver dragon
 42461 | Snake:4  | Got a serpentine rune of Zot
 42805 | Snake:4  | Killed Smee's ghost
 43237 | Shoals:1 | Entered Level 1 of the Shoals
 43610 | Shoals:1 | Found Xometadd's Book Shoppe.
 44469 | Shoals:2 | Found a runed translucent gate.
 44470 | Shoals:2 | Found a runed translucent gate.
 44470 | Shoals:2 | Found an opulent altar of Gozag.
 44472 | Shoals:2 | Found a runed translucent gate.
 44474 | Shoals:2 | Noticed NiggerDarts's ghost (adept HuFi)
 44835 | Shoals:2 | You fall into a shaft and drop 1 floor!
 46331 | Shoals:3 | Noticed Polyphemus
 46363 | Shoals:3 | Killed Polyphemus
 46935 | Shoals:4 | Entered Level 4 of the Shoals
 46943 | Shoals:4 | Reached skill level 22 in Fighting
 47216 | Shoals:3 | Found a runed translucent door.
 47235 | Shoals:3 | Reached XP level 19. HP: 139/191 MP: 1/19
 47557 | Shoals:4 | Noticed Mlioglotl
 47844 | Shoals:4 | Killed Mlioglotl
 48433 | Shoals:4 | Noticed Bai Suzhen
 48456 | Shoals:4 | Killed Bai Suzhen
 49648 | Shoals:4 | Identified the ring "Raopo" {rPois AC+4 Dex+3}
 49889 | Shoals:4 | Got a barnacled rune of Zot
 50045 | Shoals:4 | Identified the +5 kite shield of the Original Sin {rC+}
 50045 | Shoals:4 | Noticed Donald
 50059 | Shoals:4 | Killed Donald
 50661 | Vaults:1 | Entered Level 1 of the Vaults
 51888 | Vaults:1 | Reached skill level 23 in Fighting
 52235 | Vaults:1 | Reached XP level 20. HP: 194/203 MP: 11/20
 53306 | Vaults:2 | Found Konyvol's Distillery.
 53709 | Vaults:2 | Found a staircase to the Crypt.
 54187 | Vaults:2 | Bought a fine tower shield for 484 gold pieces
 54187 | Vaults:2 | Identified the +0 tower shield of the Accordion {Contam
                  | rPois rCorr Dex+6} (You bought it in a shop on level 2 of
                  | the Vaults)
 56956 | Vaults:3 | Reached skill level 15 in Armour
 57336 | Vaults:3 | Reached XP level 21. HP: 199/213 MP: 0/21
 57838 | Vaults:3 | Found Fiaff's Antique Armour Shoppe.
 58688 | Vaults:4 | Reached skill level 24 in Fighting
 58702 | Vaults:4 | Cast into level 3 of the Abyss (a wizard)
 58733 | Vaults:4 | Escaped the Abyss
 59549 | Vaults:4 | Found Yzyevig's Armour Emporium.
 60493 | Elf:1    | Entered Level 1 of the Elven Halls
 60496 | Elf:1    | Paralysed by an air elemental for 1 turns
 60759 | Elf:1    | Found Idunwil's Weapon Shoppe.
 60886 | Elf:1    | Found San Nama's Distillery.
 60940 | Elf:1    | Found Pikiqos's Book Emporium.
 61587 | Elf:1    | Found Laqota's Antique Armour Boutique.
 61593 | Elf:1    | Bought a glimmering plate armour for 784 gold pieces
 61593 | Elf:1    | Identified the +0 plate armour "Boug" {Dex+3 SInv} (You
                  | bought it in a shop on level 1 of the Elven Halls)
 62097 | Elf:1    | Got Viulon's Handbook of Dark Magic
 62395 | Elf:2    | Reached skill level 15 in Evocations
 62896 | Elf:2    | Found a runed translucent gate.
 62897 | Elf:2    | Found a runed translucent gate.
 62897 | Elf:2    | Found a runed translucent gate.
 62961 | Elf:2    | Paralysed by an air elemental for 1 turns
 62967 | Elf:2    | Paralysed by an air elemental for 1 turns
 63519 | Elf:2    | Reached XP level 22. HP: 224/224 MP: 15/22
 63745 | Elf:3    | Entered Level 3 of the Elven Halls
 64180 | Elf:3    | Paralysed by an air elemental for 1 turns
 64183 | Elf:3    | Paralysed by an air elemental for 1 turns
 64249 | Elf:3    | Found the +4 robe of Folly {Brilliance Will-∞ Int+8}
 66208 | Elf:3    | Identified the +8 rapier of Prescription {speed, rElec rF+
                  | Will++}
 66225 | Elf:3    | Identified the +8 scimitar of Gozag's Inspiration {vorpal,
                  | Dex+9}
 66225 | Elf:3    | Identified the +1 leather armour of Wariness {+Blink rElec
                  | Dex+6}
 66225 | Elf:3    | Identified the ring "Nistraocw" {rElec Will+}
 66254 | Elf:3    | Cast into level 3 of the Abyss (a deep elf sorcerer)
 66350 | Abyss:3  | Paralysed by a vampire knight for 3 turns
 66356 | Abyss:3  | HP: 9/224 [vampire knight/+0 long sword (14)]
 66359 | Abyss:3  | Slain by a vampire knight

Illustrated notes

Levels and vault maps discovered:
D:1:      dpeg_arrival_prison, layout_loops_cross,
          shapermc_ecumenical_altar_acropolis, minmay_misc_feat_chi
D:2:      layout_basic, basic_altar, glass_columns_c, uniq_sigmund, uniq_robin
D:3:      layout_loops_ring, mainiacjoe_overflow_six_doors_small, minitemple,
          serial_shops, nicolae_shop_waterfront, kennysheep_generic_room_16
D:4:      layout_basic
D:5:      layout_basic, minmay_temple_entry_overgrown
D:6:      layout_layer_cave, serial_shops, nicolae_shop_waterfront, uniq_edmund
D:7:      layout_cave_pools
D:8:      layout_rooms, nicolae_dithmenos_the_darkroom
D:9:      layout_long_grid, uniq_erolcha
D:10:     layout_long_grid, mainiacjoe_overflow_chevrons,
          grunt_temple_overflow_open, erik_lair_orcish_takeover, serial_shops,
          shop_coins, uniq_joseph
D:11:     layout_roguey
D:12:     layout_big_octagon, zombieorc1_lemuel, minmay_misc_feat_room
D:13:     layout_cave_pools, kennysheep_generic_room_6, uniq_urug
D:14:     layout_rooms, grunt_vaults_entry_fortified, serial_shops, shop,
          portal_ice_cave_entry_ugly_swarm, kennysheep_minor_cross,
          interstate_on_off
D:15:     hangedman_depths_entry_civil_slaughter, layout_rooms,
          minmay_misc_feat_hallway, nicolae_qazlal_eye_of_the_storm
Lair:1:   layout_misc_corridors, basic_altar, beast_lair_carwin_9
Lair:2:   layout_loops_ring, nicolae_quartered_pool_super
Lair:3:   layout_loops_ring, minmay_shoals_entry_lonely_mermaid, minivault_19,
          grunt_forest_stairs_basic, minivault_26,
          chequers_serial_rivers_micro_e, forest_entry_grove
Lair:4:   layout_hall_layers, minmay_snake_entry_guardpost_medium,
          disabler_island, serial_bayou_shore_a, grunt_megastairs_3
Lair:5:   layout_hall_layers, minmay_slime_entry_oklob_enclosed,
          gammafunk_ghost_ooze, wad_woods_road_01, grunt_megastairs_5
Lair:6:   gammafunk_lair_ancient_temple, layout_gridlike
Shoals:1: layout_shoals, serial_shops, nicolae_shop_behind_doors
Shoals:2: layout_shoals, ebering_ghost_gozag
Shoals:3: nicolae_shoals_lighthouse, layout_shoals, st_sunken_huts,
          uniq_polyphemus
Shoals:4: shoals_end_hellmonk_lost_city, uniq_bai_suzhen, uniq_donald,
          uniq_mlioglotl
Snake:1:  layout_layer_cave, basic_altar, ebering_ghost_reflecting_pool
Snake:2:  layout_chambers, uniq_azrael
Snake:3:  layout_layer_cave, nicolae_snake_squiggles, grunt_megastairs_2,
          serial_bayou_shore_b
Snake:4:  hellmonk_snake_rune_quicksilver_temple, layout_cave_shapes,
          gammafunk_ghost_split
Orc:1:    layout_diamond_mine, serial_shops, shop, elf_legates
Orc:2:    st_orc_town, layout_diamond_mine, biasface_ghost_orc_armoury
Elf:1:    nicolae_elf_arrival_aired_out, layout_loops_corners, serial_shops,
          shop, shop_fountains, nicolae_shop_bloodbath_and_beyond, shop,
          minmay_elf_necromancy
Elf:2:    elven_hall_of_blades_hangedman_original [nicolae_blade_tridents],
          layout_geoelf_octagon
Elf:3:    grunt_elf_hall_diamonds, layout_geoelf_diagonals,
          nicolae_elf_big_sculpture_1, st_stairs_12,
          dreamdust_deal_with_the_devil
Vaults:1: hangedman_vaults_nails, grunt_vaults_twisty, vaults_mumra_hexcomb,
          v_misc_5, nicolae_vaults_twisting_passages,
          ontoclasm_vaults_ring_small, ontoclasm_vaults_gateway, st_cross,
          dpeg_vaults_monster_box, nicolae_vaults_little_squares_1,
          layout_vaults_omnigrid
Vaults:2: nicolae_vaults_specimen_jars, v_misc_14, hangedman_vaults_slither,
          minmay_crypt_entry_simple_statues, v_misc_26, hangedman_vaults_impose,
          ontoclasm_vaults_bender, hangedman_vaults_stagger,
          hangedman_vaults_restitches, v_pattern_5, vaults_dpeg_encased_lava,
          serial_ice_m, grunt_vaults_hallway_short, layout_vaults_big_cross,
          serial_shops, nicolae_shop_window_shopping
Vaults:3: grunt_vaults_hallway_long, v_alt_pattern_2,
          nicolae_vaults_little_squares_6, nicolae_vaults_rhombus_6,
          nicolae_vaults_hallways_thing, v_misc_33, vaults_room_fancy_cross,
          grunt_vaults_hallway_long, nicolae_vaults_yaktaur_gun_rack,
          vaults_room_pools, layout_vaults_chaotic_city, serial_shops, shop
Vaults:4: nicolae_vaults_network_star, nicolae_vaults_windows_and_doors_thing,
          ontoclasm_vaults_hangar, ontoclasm_vaults_spin,
          hangedman_vaults_cutoff, vaults_dpeg_doors, v_misc_15,
          ontoclasm_vaults_ligature, v_pattern_4, v_alt_pattern_1,
          vaults_room_pool, layout_vaults_ring, serial_shops, shop_statue
Abyss:3:  base: Snake:2, base: D:11, evilmike_abyss_exit_3,
          hangedman_decor_peaks_small, evilmike_abyss_exit_12,
          hangedman_abyss_batty_box, base: Crypt:3, evilmike_abyss_exit_kraken,
          nicolae_abyss_rune_star_stuff, hangedman_abyss_monster_moat

Skill      XL: |  1  2  3  4  5  6  7  8  9 10 11 12 13 14 15 16 17 18 19 20 21 22 |
---------------+-------------------------------------------------------------------+-----
Axes           | 3 4 6 8 10 13 16 18 20 21 | 21.6
Shields        | 4 5 9 10 12 15 16 | 16.0
Fighting       | 5 7 9 11 15 16 18 19 21 22 23 24 | 24.9
Evocations     | 2 5 6 7 10 11 13 14 15 | 15.6
Armour         | 4 7 8 10 12 13 15 16 | 16.6
Dodging        | 3 6 8 10 11 12 13 14 | 14.8

Action                   |  1- 3 |  4- 6 |  7- 9 | 10-12 | 13-15 | 16-18 | 19-21 | 22-24 || total
-------------------------+-------+-------+-------+-------+-------+-------+-------+-------++-------
Melee: War axe           |    90 |    95 |   333 |   256 |       |   900 |  1301 |   267 ||  3242
       Broad axe         |       |       |       |   214 |   987 |   360 |       |       ||  1561
Invok: Potion Petition   |       |       |       |     2 |     1 |     1 |     2 |     2 ||     8
       Call Merchant     |       |       |       |       |     2 |       |     3 |       ||     5
       Bribe Branch      |       |       |       |       |       |     1 |       |       ||     1
Evoke: Wand              |       |       |       |    18 |    19 |       |     4 |       ||    41
       Condenser vane    |       |       |       |       |     1 |     2 |     1 |       ||     4
  Use: Potion            |       |     1 |     1 |     4 |     6 |       |     2 |     8 ||    22
       Scroll            |       |       |    18 |    11 |     9 |     1 |     2 |     2 ||    43
 Stab: Distracted        |       |       |       |     6 |     8 |     4 |     9 |     2 ||    29
       Invisible         |       |       |       |       |     8 |    23 |    19 |     6 ||    56
       Petrified         |       |       |       |       |       |     7 |       |       ||     7
Armor: Scale mail        |    33 |    49 |    37 |       |       |       |       |       ||   119
       Chain mail        |       |       |   106 |   141 |       |       |       |       ||   247
       Plate armour      |       |       |       |    62 |   414 |    18 |       |       ||   494
       Crystal plate arm |       |       |       |       |       |   436 |   409 |    94 ||   939
Dodge: Dodged            |    33 |    41 |    91 |   129 |   248 |   348 |   409 |    64 ||  1363
Block: Buckler           |    23 |    16 |    71 |   156 |   394 |       |       |       ||   660
       Reflection        |       |       |       |     3 |     6 |   104 |   179 |    11 ||   303
       Kite shield       |       |       |       |       |    78 |  1064 |  1119 |   207 ||  2468
